 Dungeon Crawl Stone Soup version 0.30-a0-948-g4fa250aae5 (webtiles) character file.

Game seed: 2712475527735206127

68512 Zonian the Brawler (level 15, -3/111 HPs)
             Began as a Tengu Gladiator on Mar 26, 2023.
             Was a High Priest of Ashenzari.
             Slain by an orc warrior
             ... wielding a +0 glaive
              (12 damage)
             ... while paralysed by an orc sorcerer
             ... on level 2 of the Orcish Mines.
             The game lasted 01:00:26 (25027 turns).

Zonian the Brawler (Tengu Gladiator)               Turns: 25027, Time: 01:00:27

Health: -3/111     AC: 15    Str: 20    XL:     15   Next: 26%
Magic:  16/16      EV:  2    Int:  9    God:    Ashenzari [*****.]
Gold:   1423       SH:  0    Dex: 17    Spells: 14/14 levels left

rFire   . . .      SeeInvis +      - Unarmed
rCold   . . .      Faith    .    a - +3 kite shield of Ouranomancy {Self, Cun} (curse)
rNeg    . . .      Spirit   .    C - +2 scale mail "Enigmatic Water Diviner" {Range, Melee} (curse)
rPois   .          Reflect  .    b - +0 hat "Stellar Vexation" {Elem, Evo} (curse)
rElec   .          Rampage  .    u - +1 cloak of Ashenzari's Asceticism {Cun, Alch} (curse)
rCorr   .          Clarity  +    L - +1 pair of gloves "Tethered Sophism" {Alch, Fort} (curse)
Will    +....                    (boots unavailable)
Stlth   +++++                    X - amulet of the Elysian Vexation {Regen+, Elem, Fort} (curse)
HPRegen 1.18/turn                e - ring "Omen of the Cursed Sage" {EV+5, Elem, Evo} (curse)
MPRegen 0.15/turn                o - ring "I Knew You'd Do That" {EV+5, Self, Range} (curse)

@: paralysed, flying quickly and evasively, quick
A: beak, talons 3, nimble flight
a: Renounce Religion, Curse Item, Shatter the Chains


You were on level 2 of the Orcish Mines.
You worshipped Ashenzari.
Ashenzari was extremely pleased with you.
You visited 4 branches of the dungeon, and saw 22 of its levels.
You also visited: Ice Cave.

You collected 1715 gold pieces.
You spent 292 gold pieces at shops.

Inventory:

Missiles
 c - 6 throwing nets
 g - 17 poisoned darts (quivered)
 j - 4 curare-tipped darts
 y - 9 boomerangs
 B - a javelin
 D - 3 atropa-tipped darts
 W - 10 silver javelins
Armour
 a - the cursed +3 kite shield of Ouranomancy (worn) {Self, Cun}
   (You found it on level 3 of the Lair of Beasts)

   It has a curse which improves the following skills: Introspection: Fighting
   and Spellcasting.
   Cunning:   Dodging and Stealth.
 b - the cursed +0 hat "Stellar Vexation" (worn) {Elem, Evo}

   It has a curse which improves the following skills: Elements: Fire Magic, Ice
   Magic, Air Magic and Earth Magic.
   Evocations: Evocations.
 u - the cursed +1 cloak of Ashenzari's Asceticism (worn) {Cun, Alch}
   (You found it on level 2 of the Dungeon)

   It has a curse which improves the following skills: Cunning: Dodging and
   Stealth.
   Alchemy:   Poison Magic and Transmutations.
 C - the cursed +2 scale mail "Enigmatic Water Diviner" (worn) {Range, Melee}
   (You took it off Ijyb on level 5 of the Dungeon)

   It has a curse which improves the following skills: Ranged Combat: Ranged
   Weapons and Throwing.
   Melee Combat: Short Blades, Long Blades, Axes, Maces & Flails, Polearms,
   Staves and Unarmed Combat.
 L - the cursed +1 pair of gloves "Tethered Sophism" (worn) {Alch, Fort}
   (You found it on level 8 of the Dungeon)

   It has a curse which improves the following skills: Alchemy: Poison Magic and
   Transmutations.
   Fortitude: Armour and Shields.
 M - +0 swamp dragon scales
Jewellery
 e - the cursed ring "Omen of the Cursed Sage" (left hand) {EV+5, Elem, Evo}
   (You found it on level 1 of the Dungeon)

   [ring of evasion]

   EV:        It affects your evasion (+5).
   It has a curse which improves the following skills: Elements: Fire Magic, Ice
   Magic, Air Magic and Earth Magic.
   Evocations: Evocations.
 o - the cursed ring "I Knew You'd Do That" (right hand) {EV+5, Self, Range}
   (You found it on level 4 of the Lair of Beasts)

   [ring of evasion]

   EV:        It affects your evasion (+5).
   It has a curse which improves the following skills: Introspection: Fighting
   and Spellcasting.
   Ranged Combat: Ranged Weapons and Throwing.
 X - the cursed amulet of the Elysian Vexation (around neck) {Regen+, Elem, Fort}
   (You found it on level 2 of the Lair of Beasts)

   [amulet of regeneration]

   Regen:     It increases your rate of health regeneration.
   It has a curse which improves the following skills: Elements: Fire Magic, Ice
   Magic, Air Magic and Earth Magic.
   Fortitude: Armour and Shields.
Wands
 d - a wand of flame (75)
 z - a wand of mindburst (18)
 F - a wand of polymorph (3)
 I - a wand of light (17)
 P - a wand of iceblast (7)
 T - a wand of digging (8)
 Z - a wand of paralysis (7)
Scrolls
 f - 3 scrolls of fear
 h - 2 scrolls of vulnerability
 i - 3 scrolls of summoning
 r - 9 scrolls of teleportation
 v - 4 scrolls of magic mapping
 w - 2 scrolls of poison
 N - a scroll of fog
 S - a scroll of silence
 Y - 2 scrolls of blinking
Potions
 k - 6 potions of curing
 l - a potion of resistance
 n - 2 potions of brilliance
 p - a potion of invisibility
 s - 6 potions of attraction
 t - a potion of ambrosia
 A - 3 potions of lignification
 E - 4 potions of cancellation
 H - 5 potions of heal wounds
 J - a potion of might
 K - 5 potions of flight
 Q - 5 potions of haste
 U - 5 potions of berserk rage
 V - a potion of magic
Miscellaneous
 m - a condenser vane (inert)
 q - a tin of tremorstones (inert)
 O - a box of beasts


   Skills:
 + Level 16.0(19.0) Fighting
 - Level 2.4(4.9) Throwing
 - Level 6.4(9.6) Armour
 - Level 6.1(9.3) Dodging
 + Level 11.8(14.9) Stealth
 - Level 5.3(8.4) Shields
 + Level 17.6(19.5) Unarmed Combat
 + Level 1.1(2.9) Evocations


You had 14 spell levels left.
You didn't know any spells.
Your spell library contained the following spells:

 Spells                   Type           Power      Damage    Failure   Level
 Magic Dart               Conj           0%         1d3       92%         1
 Slow                     Hex            0%         N/A       92%         1
 Static Discharge         Conj/Air       0%         2-2/arc   97%         2
 Blink                    Tloc           0%         N/A       98%         2
 Searing Ray              Conj           0%         2d4       98%         2
 Vhi's Electric Charge    Tloc/Air       0%         N/A       99%         3
 Call Canine Familiar     Summ           0%         N/A       100%        3
 Confusing Touch          Hex            0%         N/A       100%        3
 Portal Projectile        Hex/Tloc       0%         N/A       100%        3
 Vampiric Draining        Necr           0%         2d6       100%        3
 Fulminant Prism          Conj/Hex       0%         3d5       100%        4
 Leda's Liquefaction      Hex/Erth       0%         N/A       100%        4
 Manifold Assault         Tloc           0%         N/A       100%        4
 Arcjolt                  Conj/Air       0%         1d10      100%        5
 Plasma Beam              Fire/Air       0%         2x1d11    100%        5
 Summon Forest            Summ/Tloc      0%         N/A       100%        5
 Eringya's Noxious Bog    Tmut/Pois      0%         N/A       100%        6
 Storm Form               Tmut/Air       0%         N/A       100%        7
 Summon Hydra             Summ           0%         N/A       100%        7
 Maxwell's Capacitive Co  Air            0%         ∞         100%        8


Dungeon Overview and Level Annotations

Branches:
Dungeon (14/15)            Temple (1/1) D:5            Lair (5/5) D:10
 Shoals (0/4) Lair:2       Spider (0/4) Lair:2        Slime (0/5) Lair:5
    Orc (2/2) D:9           IceCv (visited)
    Elf: Orc:2       Vaults: D:13-14

Altars:
Ashenzari
Cheibriados
Dithmenos
Elyvilon
Fedhas
Hepliaklqana
Kikubaaqudgha
Makhleb
Nemelex Xobeh
Okawaru
Qazlal
Ru
Sif Muna
Trog
Vehumet
Wu Jian
Xom
Yredelemnul
Zin
The Shining One
Jiyva

Shops:
D:5 (   D:12 *   D:13 (

Annotations:
D:9 5 runed translucent doors
D:10 1 runed translucent door, Nergalle; fozzywoppz's ghost, novice DsMo
D:14 1 runed translucent door, Plog's ghost, journeyman DECj
Lair:1 exclusion: oklob plant
Lair:2 exclusion: catoblepas


Innate Abilities, Weirdness & Mutations

You have a beak for a mouth.
You have claws for feet.
Your magical nature lets you fly swiftly and evasively.


Message History

The orc no longer looks unusually strong.
The sun demon completely misses you. The orc warrior completely misses you.
The orc priest looks encouraged for a moment.
The orc sorcerer gestures at you while chanting.
The bolt of fire hits the sun demon.
The sun demon completely resists.
The bolt of fire misses you. You block the orc warrior's attack.
The orc high priest invokes the aid of Beogh against you.
Beogh smites you!
You punch the sun demon!
The sun demon is moderately wounded.
The sun demon completely misses you.
Unknown command.
You pummel the sun demon!! You claw the sun demon! You peck the sun demon.
The sun demon is almost dead.
You hear a shout!
The orc warrior completely misses you.
The orc knight roars a battlecry!
The orcs go into a battle-frenzy!
The orc warrior closely misses you.
The soul eater draws from the surrounding life force!
You block the sun demon's attack.
Unknown command.
You pummel the sun demon!!
You kill the sun demon!
The sun demon disappears in a puff of smoke!
The ynoxinul gestures.
The orc knight roars a battlecry!
The orcs go into a battle-frenzy!
The orc sorcerer points at you and mumbles some strange words.
You suddenly lose the ability to move!
The orc warrior hits you from afar with a +0 glaive.
The orc warrior throws a boomerang.
The boomerang hits you but does no damage.
The orc warrior hits you from afar with a +0 glaive!
The orc warrior hits you from afar with a +0 trident!!
* * * LOW HITPOINT WARNING * * *
The orc high priest calls down the wrath of Beogh upon you.
Beogh smites you!
* * * LOW HITPOINT WARNING * * *
The orc warrior hits you from afar with a +0 glaive!
You die...

...................).(....#......
.................o.{.............
.................4o({{........#..
........#.....(4o3#o{............
.#...........55(3oo#####......#..
##...........{o#oo#####.#.#.## #.
#...##.......4#ooo#{##...#...####
.#...###.....###o#...#...#...##..
###.## ##....###@##..#...........
# ######...))#....#..........#...
##......)).........#.....#....
####.........#....#....##......).
#.............#.##....##.......#.
...............####.####....#.###
...#####.......## ### ##....##
...# #....#...# ##...# ...#
#.....#.## ##.##


You could see 2 orc knights, a soul eater (summoned), an orc high priest
(strong), an orange demon (summoned), a ynoxinul (summoned), a chaos spawn
(summoned), an orc sorcerer (strong), 6 orc warriors, an orc priest (strong), 2
orcs and 2 ufetubi.

Vanquished Creatures
  An orc warlord (Orc:2)
  2 hydras (Lair:3)
  A merfolk avatar (Lair:5)
  2 two-headed ogres
  3 death yaks (D:10)
  Urug (D:13)
  3 orc high priests
  5 skysharks
  2 sea snakes (Lair:5)
  Pikel (D:5)
  2 orc knights
  2 orc sorcerers
  4 manticores
  A harpy (Lair:5)
  4 cyclopes
  10 ugly things
  17 elephants
  4 black mambas
  A torpor snail (Lair:2)
  A gargoyle (D:11)
  Joseph (D:7)
  4 rime drakes
  Maggie (D:10)
  8 cane toads
  Psyche (D:11)
  An efreet (D:14)
  A freezing wraith (D:13)
  A kobold demonologist (D:11)
  6 komodo dragons
  7 trolls
  A meliai (Lair:2)
  3 polar bears
  Grinder (D:5)
  A wind drake (Lair:5)
  A hornet (Lair:5)
  31 blink frogs
  12 dream sheep (Lair:5)
  A snapping turtle (Lair:5)
  9 slime creatures
  A centaur simulacrum (D:14)
  3 vampires (D:12)
  3 wyverns
  2 basilisks
  3 wraiths
  52 yaks
  3 steam dragons
  3 vampire mosquitoes (D:11)
  Edmund (D:5)
  3 wargs
  An acid dragon (D:12)
  11 water moccasins
  A water moccasin (shapeshifter) (D:14)
  19 orc warriors
  3 sky beasts
  6 ice beasts
  15 wolves
  9 ogres
  3 centaurs
  15 bullfrogs
  3 kobold brigands
  A scorpion (D:5)
  A cane toad simulacrum (IceCv)
  31 killer bees
  A howler monkey (D:9)
  8 jellies
  9 orc priests
  5 hounds
  3 gnoll boudas
  19 orc wizards
  3 sleepcaps
  2 polar bear simulacra (IceCv)
  2 iguanas
  Ijyb (D:5)
  A hell rat (D:10)
  A wolf simulacrum (IceCv)
  10 adders
  17 gnolls
  4 river rats (D:10)
  2 white imps (D:8)
  A worm (D:3)
  A dart slug (D:5)
  53 orcs
  6 ball pythons
  10 endoplasms
  An endoplasm (shapeshifter) (D:14)
  5 giant cockroaches
  7 hobgoblins
  8 jackals
  7 quokkas
  2 bats (D:2)
  5 frilled lizards
  8 goblins
  17 kobolds
  3 rats
573 creatures vanquished.

Vanquished Creatures (others)
  A slime creature (D:14)
  A gnoll (D:6)
  An orc (D:7)
  10 fungi
  23 plants
36 creatures vanquished.

Grand Total: 609 creatures vanquished

Notes
Turn   | Place    | Note
-------+----------+-------------------------------------------
     0 | D:1      | Zonian the Tengu Gladiator began the quest for the Orb.
     0 | D:1      | Reached XP level 1. HP: 12/12 MP: 2/2
   349 | D:1      | Reached XP level 2. HP: 17/17 MP: 3/3
  1241 | D:2      | Reached XP level 3. HP: 13/22 MP: 4/4
  1509 | D:2      | Reached XP level 4. HP: 27/27 MP: 5/5
  1518 | D:2      | Reached skill level 4 in Unarmed Combat
  1991 | D:3      | Gained mutation: Your magical nature lets you fly swiftly
                  | and evasively. [Tengu growth]
  1991 | D:3      | Reached XP level 5. HP: 32/32 MP: 6/6
  2107 | D:3      | Found a faded altar of an unknown god.
  2173 | D:3      | Found a blossoming altar of Fedhas.
  2173 | D:3      | Found a shimmering blue altar of Sif Muna.
  2301 | D:3      | Found a glowing golden altar of the Shining One.
  3169 | D:4      | Found a glowing silver altar of Zin.
  3170 | D:4      | Found a sparkling altar of Nemelex Xobeh.
  3171 | D:4      | Found an ornate altar of the Wu Jian Council.
  3172 | D:4      | Found a basalt altar of Yredelemnul.
  3261 | D:4      | Reached XP level 6. HP: 13/38 MP: 7/7
  4028 | D:4      | Reached skill level 5 in Unarmed Combat
  4131 | D:5      | Entered Level 5 of the Dungeon
  4148 | D:5      | Noticed a water moccasin
  4150 | D:5      | Noticed Ijyb
  4168 | D:5      | Killed a water moccasin
  4169 | D:5      | Reached skill level 5 in Dodging
  4174 | D:5      | Killed Ijyb
  4180 | D:5      | Reached XP level 7. HP: 9/44 MP: 8/8
  4526 | D:5      | Found a staircase to the Ecumenical Temple.
  4544 | D:5      | Noticed Grinder
  4554 | Temple   | Entered the Ecumenical Temple
  4662 | Temple   | Became a worshipper of Ashenzari the Shackled
  4715 | D:5      | Paralysed by Grinder for 2 turns
  4724 | D:5      | Paralysed by Grinder for 5 turns
  4739 | D:5      | Killed Grinder
  4740 | D:5      | Reached skill level 5 in Fighting
  4740 | D:5      | Reached skill level 6 in Unarmed Combat
  4782 | D:5      | Noticed Edmund
  4892 | D:5      | Found Tinoocam's Antique Weapon Shoppe.
  5033 | D:5      | Found a sacrificial altar of Ru.
  5337 | D:5      | Noticed Pikel
  5357 | D:5      | Killed Pikel
  5358 | D:5      | Reached skill level 7 in Unarmed Combat
  5358 | D:5      | Reached XP level 8. HP: 28/52 MP: 9/9
  5713 | D:5      | Killed Edmund
  5714 | D:5      | Reached skill level 8 in Unarmed Combat
  6087 | D:6      | Reached XP level 9. HP: 30/57 MP: 10/10
  7238 | D:6      | Reached skill level 9 in Unarmed Combat
  7442 | D:7      | Noticed a troll
  7482 | D:7      | Noticed Joseph
  7495 | D:7      | Killed a troll
  7503 | D:7      | Killed Joseph
  7504 | D:7      | Reached skill level 10 in Unarmed Combat
  8089 | D:7      | Reached XP level 10. HP: 66/66 MP: 11/11
  8419 | D:7      | Found a shadowy altar of Dithmenos.
  8974 | D:8      | Reached skill level 11 in Unarmed Combat
  9376 | D:8      | Reached skill level 10 in Fighting
 10086 | D:9      | Reached * piety under Ashenzari
 10120 | D:9      | Found a staircase to the Orcish Mines.
 10138 | D:9      | Noticed a two-headed ogre
 10149 | D:9      | Killed a two-headed ogre
 10562 | D:9      | Reached skill level 12 in Unarmed Combat
 10602 | D:9      | Noticed a wolf spider
 10603 | D:9      | Found a runed translucent gate.
 10603 | D:9      | Found a runed translucent gate.
 10603 | D:9      | Found a runed translucent gate.
 10603 | D:9      | Noticed a black mamba
 10603 | D:9      | Noticed a black mamba
 10604 | D:9      | Noticed a wolf spider
 10604 | D:9      | Noticed a black mamba
 10608 | D:9      | Found a runed translucent door.
 10608 | D:9      | Found a runed translucent door.
 10608 | D:9      | Noticed a wolf spider
 10788 | D:9      | Reached XP level 11. HP: 72/74 MP: 12/12
 10911 | D:9      | Found the +9 staff of Olgreb {rPois∞}
 11017 | D:9      | Reached ** piety under Ashenzari
 11033 | D:9      | Noticed a wolf spider
 11376 | D:10     | Entered Level 10 of the Dungeon
 11441 | D:10     | Noticed Nergalle
 11441 | D:10     | Noticed a two-headed ogre
 11659 | D:10     | Reached skill level 13 in Unarmed Combat
 12970 | D:10     | Noticed a death yak
 12972 | D:10     | Noticed a two-headed ogre
 12975 | D:10     | Noticed a death yak
 12994 | D:10     | Noticed a death yak
 13001 | D:10     | Killed a death yak
 13002 | D:10     | Reached skill level 1 in Armour
 13404 | D:10     | Noticed Maggie
 13411 | D:10     | Killed Maggie
 13424 | D:10     | Found a runed translucent door.
 13426 | D:10     | Noticed fozzywoppz's ghost (novice DsMo)
 13453 | D:10     | Found a staircase to the Lair.
 13472 | D:10     | Killed a two-headed ogre
 13473 | D:10     | Reached skill level 1 in Stealth
 13514 | Lair:1   | Entered Level 1 of the Lair of Beasts
 13574 | Lair:1   | Reached XP level 12. HP: 51/82 MP: 13/13
 13577 | Lair:1   | Reached skill level 14 in Unarmed Combat
 14013 | Lair:1   | Reached *** piety under Ashenzari
 14679 | Lair:1   | Reached skill level 5 in Armour
 14811 | Lair:1   | Reached skill level 5 in Stealth
 15474 | Lair:2   | Noticed a skyshark
 15484 | Lair:2   | Killed a skyshark
 15578 | Lair:2   | Noticed a skyshark
 15600 | Lair:2   | Killed a skyshark
 16077 | Lair:2   | Noticed a catoblepas
 16164 | Lair:2   | Reached XP level 13. HP: 78/88 MP: 14/14
 16292 | Lair:2   | Found a hole to the Spider Nest.
 16306 | Lair:2   | Reached skill level 15 in Unarmed Combat
 16340 | Lair:2   | Found a staircase to the Shoals.
 17694 | Lair:4   | Reached skill level 1 in Shields
 17927 | Lair:4   | Reached **** piety under Ashenzari
 18299 | Lair:5   | Entered Level 5 of the Lair of Beasts
 18432 | Lair:5   | Reached skill level 16 in Unarmed Combat
 18532 | Lair:5   | Reached XP level 14. HP: 89/96 MP: 15/15
 19088 | Lair:5   | Reached skill level 15 in Fighting
 19214 | Lair:5   | Identified the +2 mace of the Ancients {venom, +Blink}
 19236 | Lair:5   | Found a staircase to the Slime Pits.
 19245 | Lair:5   | Found a viscous altar of Jiyva.
 19397 | Lair:5   | Reached skill level 5 in Shields
 19986 | D:11     | Reached skill level 10 in Stealth
 20118 | D:11     | Noticed Psyche
 20120 | D:11     | Killed Psyche
 20720 | D:12     | Found Wouwk's Assorted Antiques.
 20960 | D:12     | Bought a scroll of teleportation for 102 gold pieces
 20960 | D:12     | Bought a wand of mindburst (4) for 190 gold pieces
 21454 | D:13     | Found Dorph's Antique Weapon Boutique.
 21841 | D:13     | Noticed Urug
 21851 | D:13     | Killed Urug
 22109 | D:14     | Found a runed translucent door.
 22109 | D:14     | Noticed Plog's ghost (journeyman DECj)
 22149 | D:14     | Reached ***** piety under Ashenzari
 22311 | D:14     | Reached skill level 17 in Unarmed Combat
 23760 | Orc:1    | Entered Level 1 of the Orcish Mines
 23760 | Orc:1    | Found a frozen archway.
 23769 | IceCv    | Entered an ice cave
 23786 | IceCv    | Found a transporter.
 23798 | IceCv    | Found a transporter.
 23798 | IceCv    | Identified the Secrets of Frostbite
 23898 | Orc:1    | Reached XP level 15. HP: 109/109 MP: 16/16
 24050 | Orc:1    | Found an iron altar of Okawaru.
 24672 | Orc:2    | Entered Level 2 of the Orcish Mines
 24915 | Orc:2    | Noticed an orc warlord
 25011 | Orc:2    | Killed an orc warlord
 25022 | Orc:2    | Reached skill level 1 in Evocations
 25025 | Orc:2    | Paralysed by an orc sorcerer for 5 turns
 25027 | Orc:2    | Slain by an orc warrior

Illustrated notes

Levels and vault maps discovered:
D:1:      nicolae_arrival_washed_ashore, layout_basic, minmay_misc_feat_hallway
D:2:      layout_basic, minivault_27
D:3:      layout_loops_ring, tso_metal_star, gammafunk_temple_overflow_wave,
          hellmonk_ecumenical_altar_inner_sanctum
D:4:      layout_basic, mainiacjoe_overflow_alcove_3, serial_curves,
          eino_curves_03, eino_curves_04, eino_curves_02
D:5:      layout_basic, mainiacjoe_overflow_chevrons,
          minmay_temple_entry_large_hall, serial_shops,
          nicolae_shop_behind_doors, uniq_pikel, uniq_grinder, uniq_edmund,
          uniq_ijyb
D:6:      layout_cave_pools
D:7:      layout_cave_pools, lemuel_round_altar, uniq_joseph
D:8:      layout_basic
D:9:      layout_irregular_city, orc_0_dummy,
          minmay_guarded_unrand_staff_of_olgreb
D:10:     layout_small_grid, dpeg_lair_monsters, ebering_ghost_inner_flame,
          uniq_maggie, uniq_nergalle
D:11:     layout_roguey, uniq_psyche
D:12:     layout_loops_ring, serial_shops, shop
D:13:     layout_rooms, serial_shops, shop_statue, uniq_urug
D:14:     layout_long_grid, david_vaults_5, skrybe_limestone_x,
          hellmonk_ghost_happy_afterlife
Temple:   oiseaux_autumnal_temple
Lair:1:   layout_gridlike, chequers_serial_rivers_micro_c, beast_lair_carwin_2,
          grunt_megastairs_2
Lair:2:   layout_long_grid, elwin_shoals_entry_rocks,
          hellmonk_spider_entry_not_the_bees, lemuel_fruit_tree,
          serial_bayou_shore_b
Lair:3:   layout_roguey
Lair:4:   layout_roguey
Lair:5:   gammafunk_lair_ancient_temple, layout_loops_ring,
          nicolae_slime_entry_slimehenge
Orc:1:    layout_caves, portal_ice_cave_entry_pillars_1,
          nicolae_orc_sculptors_studio, nicolae_orc_bridge_out,
          okawaru_metal_pillars_1_2
Orc:2:    st_orc_congregation, layout_caves

Skill      XL: |  1  2  3  4  5  6  7  8  9 10 11 12 13 14 15 |
---------------+----------------------------------------------+-----
Dodging        | 4 5 6 |  6.1
Unarmed Combat | 4 5 7 8 10 12 13 14 16 17 | 17.6
Fighting       | 3 4 6 7 9 11 12 13 14 15 16 | 16.0
Armour         | 3 6 |  6.4
Stealth        | 3 6 9 11 | 11.8
Shields        | 3 5 |  5.3
Evocations     | 1 |  1.1
Throwing       | |  2.4

Action                     |  1- 3 |  4- 6 |  7- 9 | 10-12 | 13-15 || total
---------------------------+-------+-------+-------+-------+-------++-------
  Melee: Unarmed           |    64 |   150 |   222 |   561 |   925 ||  1922
         Peck              |    11 |    24 |    48 |   136 |   216 ||   435
         Kick              |    16 |    44 |    76 |   227 |   350 ||   713
         Punch             |       |     7 |     2 |    60 |    44 ||   113
  Throw: Throwing net      |       |     3 |     3 |     1 |       ||     7
         Dart              |       |     1 |    32 |    21 |    40 ||    94
         Javelin           |       |     1 |       |       |       ||     1
 Invoke: Curse Item        |       |       |     1 |     3 |     4 ||     8
  Evoke: Wand              |       |       |     3 |     3 |     4 ||    10
         Box of beasts     |       |       |       |       |     1 ||     1
         Tin of tremorston |       |       |       |       |     2 ||     2
         Condenser vane    |       |       |       |       |     1 ||     1
    Use: Scroll            |       |     6 |     7 |     4 |     5 ||    22
         Potion            |       |     1 |     5 |       |       ||     6
   Stab: Sleeping          |     1 |     1 |       |       |    17 ||    19
         Held in net/web   |       |       |     2 |     1 |       ||     3
         Invisible         |       |       |     1 |     3 |     4 ||     8
         Distracted        |       |       |       |       |     3 ||     3
         Confused          |       |       |       |       |     6 ||     6
 Armour: Leather armour    |     9 |     5 |       |       |       ||    14
         Ring mail         |       |    13 |       |       |       ||    13
         Scale mail        |       |       |    47 |   109 |   141 ||   297
  Dodge: Dodged            |    49 |    99 |   198 |   429 |   632 ||  1407
  Block: Kite shield       |       |       |       |       |   233 ||   233

Table legend: (Time is in decaauts)
 A = Elapsed time spent in this place.
 B = Non-inter-level travel time spent in this place.
 C = Inter-level travel time spent in this place.
 D = Time resting spent in this place.
 E = Time spent auto-exploring this place.
 F = Levels seen in this place.
 G = Mean time per level.
                   A        B        C        D        E       F      G
               +--------+--------+--------+--------+--------+-----+--------+
         Total |  23315 |  22459 |    856 |   6827 |  10393 |  23 | 1013.7 |
       Dungeon |  16508 |  15898 |    610 |   5773 |   6828 |  14 | 1179.1 |
        Temple |    121 |    121 |      0 |      0 |     79 |   1 |  121.0 |
          Lair |   5557 |   5336 |    221 |   1053 |   2774 |   5 | 1111.4 |
  Orcish Mines |   1091 |   1067 |     24 |      0 |    711 |   2 |  545.5 |
      Ice Cave |     36 |     36 |      0 |      0 |      0 |   1 |   36.0 |
               +--------+--------+--------+--------+--------+-----+--------+

Top non-repeatable levels by time:
     D:9: 2426 daAuts
     D:4: 1981 daAuts
     D:5: 1728 daAuts
  Lair:1: 1679 daAuts
  Lair:2: 1332 daAuts
     D:8: 1306 daAuts
     D:6: 1151 daAuts
  Lair:5: 1115 daAuts
    D:14: 1082 daAuts
    D:10: 1041 daAuts
    D:13: 1030 daAuts
     D:1: 1028 daAuts
    D:12: 995 daAuts
  Lair:3: 850 daAuts
   Orc:1: 778 daAuts
